 Dungeon Crawl Stone Soup version 0.31-a0-182-gc5ef74bbde (webtiles) character file.

Game seed: 5814190585706782330

1 drugrobin the Sneak (level 1, -1/18 HPs)
             Began as a Demigod Delver on June 22, 2023.
             Slain by a killer bee (7 damage)
             ... on level 4 of the Dungeon.
             The game lasted 00:01:18 (76 turns).

drugrobin the Sneak (Demigod Delver)                  Turns: 76, Time: 00:01:18

Health: -1/18      AC:  3    Str: 13    XL:     1   Next: 13%
Magic:  3/3        EV: 11    Int: 12    God:
Gold:   0          SH:  0    Dex: 15    Spells: 0/0 levels left

rFire   . . .        a - +0 spear
rCold   . . .        (no shield)
rNeg    . . .        b - +0 leather armour
rPois   .            (no helmet)
rElec   .            (no cloak)
rCorr   .            (no gloves)
SInv    .            (no boots)
Will    .....        (no amulet)
Stlth   +++          (no ring)
HPRegen 0.23/turn    (no ring)
MPRegen 0.08/turn

%: no passive effects
@: hasted, very quick
A: high MP 1, forlorn, divine attributes
a: no special abilities


You were on level 4 of the Dungeon.
You visited 1 branch of the dungeon, and saw 2 of its levels.

Inventory:

Hand Weapons
 a - a +0 spear (weapon)
Armour
 b - a +0 leather armour (worn)
Wands
 g - a wand of digging (3)
Scrolls
 c - a scroll of fog
 h - a scroll of identify {unknown}


   Skills:
 - Level 2.6 Fighting
 + Level 1.9 Polearms
 - Level 1.7 Dodging
 - Level 4.5 Stealth


You couldn't memorise any spells.
You didn't know any spells.
Your spell library contained the following spells:

 Spells                   Type           Power      Damage    Failure   Level
 Blink                    Tloc           0%         N/A       54%         2
 Manifold Assault         Tloc           0%         N/A       99%         4
 Storm Form               Tmut/Air       0%         N/A       100%        7


Dungeon Overview and Level Annotations

Branches:
Dungeon (5/15)
 Temple: D:4-7

Annotations:
D:4 exclusions: goblin and hobgoblin, Robin


Innate Abilities, Weirdness & Mutations

You have an increased reservoir of magic. (+10% MP)
You shall have no god before yourself.
Your divine heritage dramatically boosts your attributes as you level up.


Message History

Unknown command.
Unknown command.
Unknown command.
Unknown command.
Unknown command.
Okay, then.
A killer bee comes into view.
A killer bee comes into view.
The killer bee moves out of view.
Unknown command.
The killer bee buzzes angrily.
Unknown command.
Unknown command.
Unknown command.
Unknown command.
As you read the scroll of revelation, it crumbles to dust.
You feel aware of your surroundings.
You sensed 2 altars.
The killer bee buzzes angrily.
You hear a shout!
The killer bee closely misses you.
Unknown command.
Unknown command.
Unknown command.
The killer bee attacks as you move away!
The killer bee misses you. The killer bee stings you.
You open the door. The killer bee barely misses you. The killer bee stings you.
Unknown command.
Unknown command.
The killer bee attacks as you move away!
The killer bee misses you.
The killer bee stings you but does no damage.
There is an open door here.
As you read the scroll of fear, it crumbles to dust.
You assume a fearsome visage.
The killer bee looks frightened! x3
The killer bee resists with some effort.
The killer bee looks frightened! x2
Unknown command.
Unknown command.
The killer bee stings you but does no damage.
You feel yourself speed up. The killer bee stings you! x2
You die...

,,,,***,#........#..####..#*,**
*,,,,,,,................#.#8,8*
,,******.................##*,****
,,,,,,,,................>)#*,**,*
*,,,****..#...............#*,**,,
***,,***..................#8,8*,,
,,,,,**,.........##########*,****
_,,,,*,,#........##8##8##8##.#*8*
,,,,>,,,#.#.....@y....y.y...?.,,,
,,,,,,,,,,#......##8##8##8##.#*8*
,,,*,****........##########*,****
,,,*,***...##.........#####8,8*
**,,,,,,...*###........####*,**
**,,,,,,..,*###(..........#*,**
***,,****,,,..#...........#8,8*
,,,,,,*,,,,,..............#*,**
,****,,,,,,,,,*,,,,,,,,,,,**,**


You could see 2 killer bees.

Vanquished Creatures
  A goblin (D:4)
1 creature vanquished.

Notes
Turn   | Place    | Note
-------+----------+-------------------------------------------
     0 | D:5      | drugrobin the Demigod Delver began the quest for the Orb.
     0 | D:5      | Reached XP level 1. HP: 18/18 MP: 3/3
    36 | D:4      | Noticed Robin
    66 | D:4      | Noticed a killer bee
    66 | D:4      | Noticed a killer bee
    66 | D:4      | Noticed a killer bee
    66 | D:4      | Noticed a killer bee
    67 | D:4      | Noticed a killer bee
    67 | D:4      | Noticed a killer bee
    76 | D:4      | Slain by a killer bee

Illustrated notes

Levels and vault maps discovered:
D:4:      layout_rooms, nicolae_qazlal_beasts_of_the_sky,
          mainiacjoe_overflow_tiny_flanked, dk_noncrumbling_2, uniq_edmund,
          uniq_robin
D:5:      layout_basic, minmay_temple_entry_mini_moons, serial_shops,
          shop_statue, minmay_holes

Action                     || total
---------------------------++-------
  Melee: Spear             ||     3
    Use: Scroll            ||     2
         Potion            ||     1
 Armour: Leather armour    ||     2
  Dodge: Dodged            ||     4

Table legend: (Time is in decaauts)
 A = Elapsed time spent in this place.
 B = Non-inter-level travel time spent in this place.
 C = Inter-level travel time spent in this place.
 D = Time resting spent in this place.
 E = Time spent auto-exploring this place.
 F = Levels seen in this place.
 G = Mean time per level.
                   A        B        C        D        E       F      G
               +--------+--------+--------+--------+--------+-----+--------+
         Total |     76 |     76 |      0 |      0 |      0 |   2 |   38.0 |
       Dungeon |     76 |     76 |      0 |      0 |      0 |   2 |   38.0 |
               +--------+--------+--------+--------+--------+-----+--------+

Top non-repeatable levels by time:
     D:4: 42 daAuts
     D:5: 34 daAuts
